Map: Ever Dream LE

Players

lIlIlIlIlIlI

  • Race: Terran Terran
  • League: Grandmaster
  • Spawn Location: 7:00

ToIsengard - Winner!

  • Race: Protoss Protoss
  • League: Grandmaster
  • Spawn Location: 1:00

VOD

https://www.youtube.com/watch?v=PmSrYtYGqdw

Description

Time

  • Played on: May 21, 2020, 5:46 p.m.
  • Length: 6:51
Show
View Real Time Build Order
Export as new Build Order

lIlIlIlIlIlI Terran 

Build Orders: Reaper Expand 

Get SALT Encoding   

  12  0:00  SCV  
  13  0:13  SCV  
  14  0:17  Supply Depot  
  14  0:25  SCV  
  15  0:38  SCV  
  15  0:40  Barracks  
  16  0:43  Refinery  
  16  0:50  SCV  
  17  1:02  SCV  
  18  1:14  SCV  
  19  1:29  Reaper, Orbital Command  
  20  1:46  Command Center  
  20  1:51  Supply Depot  
  20  1:54  SCV  
  20  2:00  Marine  
  22  2:06  SCV  
  23  2:09  Factory  
  23  2:18  SCV  
  23  2:20  Barracks Reactor, Bunker  
  24  2:31  SCV  
  24  2:33  Refinery  
  25  2:43  SCV  
  26  2:53  Hellion  
  26  2:55  SCV, Marine  
  26  2:56  Marine  
  26  2:57  Starport  
  31  3:05  Orbital Command  
  31  3:07  SCV  
  32  3:13  Marine  
  32  3:14  Marine  
  32  3:15  Widow Mine  
  32  3:19  SCV  
  37  3:31  SCV, Marine  
  37  3:32  Marine  
  40  3:34  SCV  
  40  3:36  Medivac, Supply Depot  
  40  3:40  Factory Tech Lab  
  43  3:45  Barracks  
  43  3:46  SCV  
  43  3:47  SCV  
  45  3:51  Marine  
  46  3:58  SCV, Marine  
  46  3:59  SCV  
  49  4:05  Barracks  
  49  4:09  Supply Depot  
  49  4:11  SCV  
  49  4:12  Engineering Bay  
  49  4:13  SCV  
  51  4:18  Raven  
  51  4:22  Factory Tech Lab  
  51  4:23  SCV  
  54  4:27  Refinery  
  54  4:30  SCV, Marine x2  
  57  4:34  Supply Depot  
  57  4:37  SCV  
  58  4:41  Terran Infantry Weapons Level 1  
  58  4:43  SCV  
  59  4:48  Marauder, Stimpack, Marine  
  59  4:52  Supply Depot  
  62  4:56  Marine  
  62  4:57  Bunker  
  62  4:58  SCV x2  
  65  5:09  Marauder, Marine  
  65  5:10  SCV x2  
  65  5:12  Supply Depot  
  65  5:13  Starport Reactor  
  65  5:14  Marine  
  71  5:20  Combat Shield  
  71  5:21  Marauder  
  73  5:22  SCV x2  
  73  5:24  Factory Reactor, Refinery  
  75  5:29  Supply Depot  
  75  5:31  Marauder  
  75  5:34  SCV  
  76  5:36  SCV  
  74  5:46  Marauder  
  74  5:48  Marine  
  69  5:50  SCV  
  69  5:51  SCV  
  69  5:53  Marauder  
  72  5:59  Marine  
  72  6:03  Medivac  
  66  6:06  Marine  
  66  6:07  Marauder  
  61  6:14  Marauder  
  61  6:15  Widow Mine x2  
  61  6:16  SCV x2  
  61  6:17  Marine  
  67  6:23  Marine  
  60  6:28  SCV x2, Marauder  
Show
View Real Time Build Order
Export as new Build Order

ToIsengard Protoss - Winner!

Build Orders: 1 Gate Expand, Blink Stalkers 

Get SALT Encoding   

  12  0:00  Probe  
  13  0:13  Probe  
  14  0:18  Pylon  
  14  0:25  Probe  
  15  0:37  Gateway, Probe (Chrono Boost)  
  16  0:47  Assimilator, Probe (Chrono Boost)  
  17  0:52  Probe (Chrono Boost)  
  18  1:03  Probe  
  19  1:15  Probe  
  20  1:24  Cybernetics Core  
  20  1:32  Nexus  
  20  1:39  Pylon  
  20  1:42  Probe  
  21  1:50  Assimilator  
  21  1:54  Probe  
  22  1:57  Adept (Chrono Boost)  
  22  2:00  Warp Gate  
  24  2:06  Probe  
  25  2:17  Stalker (Chrono Boost)  
  25  2:18  Probe  
  28  2:30  Probe  
  29  2:38  Assimilator  
  29  2:42  Probe  
  29  2:43  Stalker, Twilight Council  
  32  2:49  Probe  
  33  2:54  Probe  
  34  3:01  Probe  
  35  3:05  Robotics Facility  
  35  3:06  Probe  
  36  3:14  Gateway, Probe  
  36  3:18  Probe  
  38  3:23  Blink (Chrono Boost)  
  38  3:26  Probe  
  39  3:35  Gateway  
  39  3:36  Probe  
  39  3:40  Probe  
  39  3:41  Pylon  
  41  3:49  Stalker  
  41  3:53  Gateway  
  41  3:54  Observer  
  44  4:01  Probe  
  44  4:02  Probe  
  46  4:04  Pylon  
  46  4:09  Stalker  
  48  4:13  Pylon, Probe  
  48  4:15  Stalker  
  51  4:18  Warp Prism (Chrono Boost)  
  53  4:29  Stalker  
  55  4:38  Stalker  
  57  4:39  Stalker  
  59  4:48  Stalker  
  59  4:49  Probe  
  59  4:52  Stalker, Pylon  
  64  5:05  Stalker x2  
  64  5:06  Probe  
  69  5:08  Pylon  
  69  5:23  Stalker x2  
  69  5:25  Probe  
  69  5:28  Nexus  
  73  5:33  Pylon  
  73  5:40  Stalker x2, Probe  
  78  5:45  Probe  
  77  5:52  Probe  
  78  5:57  Probe  
  78  5:58  Stalker  
  78  5:59  Stalker  
  83  6:04  Probe  
  83  6:09  Stalker x2, Probe  
  89  6:16  Probe  
  89  6:18  Pylon  
  88  6:21  Probe  
  88  6:23  Forge  
  85  6:35  Stalker x3  
  89  6:43  Pylon  
Tags
 
Add a new tag
Caveats
  • Supply blocks, unpowered buildings, or Contaminate may cause inaccurate times.
  • Supply counts are checked every 10 seconds.